 Dungeon Crawl Stone Soup version 0.20.1-1-g8b1a95d (webtiles) character file.

112 slep the Skirmisher (level 4, -3/37 HPs)
             Began as a Demonspawn Abyssal Knight on Oct 28, 2017.
             Was a Believer of Lugonu.
             Slain by a sky beast (5 damage)
             ... on level 3 of the Dungeon.
             The game lasted 00:07:59 (1315 turns).

slep the Skirmisher (Demonspawn Abyssal Knight)     Turns: 1315, Time: 00:08:00

Health: -3/37      AC:  3    Str: 13    XL:     4   Next: 64%
Magic:  6/6        EV: 17    Int: 13    God:    Lugonu [**....]
Gold:   158        SH:  0    Dex: 13    Spells: 3/3 levels left

rFire    . . .     SeeInvis .   a - +1 falchion
rCold    . . .     Gourm    .   (no shield)
rNeg     . . .     Faith    .   b - +0 leather armour
rPois    .         Spirit   .   (no helmet)
rElec    .         Reflect  .   (no cloak)
rCorr    .         Harm     .   (no gloves)
MR       .....                  (no boots)
Stlth    +.........             (no amulet)
Regen    0.2/turn               m - +6 ring of evasion
MPRegen  0.1/turn               (no ring)

@: no status effects
A: demonic guardian 1
a: Depart the Abyss, Bend Space, Renounce Religion


You were on level 3 of the Dungeon.
You worshipped Lugonu.
Lugonu was pleased with you.
You were hungry.

You visited 1 branch of the dungeon, and saw 3 of its levels.
You visited the Abyss 1 time.

You collected 158 gold pieces.

Inventory:

Hand Weapons
 a - a +1 falchion (weapon)
Missiles
 o - 9 javelins (quivered)
Armour
 b - a +0 leather armour (worn)
Jewellery
 m - a +6 ring of evasion (left hand)
Wands
 p - a wand of polymorph (7/24)
Scrolls
 d - 4 scrolls of remove curse {unknown}
 e - 3 scrolls of identify {unknown}
 h - 2 scrolls of recharging {unknown}
 k - a scroll of blinking {unknown}
 l - 2 scrolls of noise {unknown}
 n - 2 scrolls of teleportation {unknown}
Potions
 g - a potion of ambrosia {unknown}
 i - 3 potions of curing {unknown}
Comestibles
 c - a bread ration
 j - 2 royal jellies
 q - 3 fruits


   Skills:
 + Level 3.7 Fighting
 + Level 3.1 Long Blades
 + Level 0.5 Throwing
 + Level 2.2 Armour
 + Level 1.1 Dodging
 + Level 0.2 Stealth
 + Level 2.8 Invocations


You had 3 spell levels left.
You didn't know any spells.

Dungeon Overview and Level Annotations

Branches:
Dungeon (3/15)

Altars:


Innate Abilities, Weirdness & Mutations

A weak demonic guardian rushes to your aid.


Message History

You barely miss something. Something hits you.
* * * LOW HITPOINT WARNING * * *
Something shocks you.
* * * LOW HITPOINT WARNING * * *
You hit something.
A sky beast appears from thin air!
Reactivating autopickup.
The sky beast hits you but does no damage.
Your iron imp closely misses the sky beast.
The sky beast completely misses you.
You riposte.
You slash the sky beast!
The sky beast is almost dead.
You closely miss the sky beast.
The sky beast is almost dead.
The sky beast closely misses you.
Your iron imp closely misses the sky beast.
You closely miss the sky beast.
The sky beast is almost dead.
The sky beast hits you.
* * * LOW HITPOINT WARNING * * *
The sky beast shocks you.
You die...

#......# #......#
#......# #......# ##
#......# #.
#......############ #.
+......+..........###.
##....@†#####..........
......Y5................
##############.#........
#.#.###.#.. ..# #.#.#
#.#.. #.# #.#.###...#
#.# #.#.......# #.#
#.#####...# #.# #.#
#...#


You could see a sky beast and a friendly iron imp.

Vanquished Creatures
  3 adders
  2 dart slugs (D:1)
  3 leopard geckos (D:2)
  A ball python (D:2)
  5 giant cockroaches
  8 goblins
  3 hobgoblins
  5 jackals (D:2)
  A quokka (D:2)
  3 bats (D:1)
  5 frilled lizards
  5 kobolds
  8 rats
52 creatures vanquished.

Vanquished Creatures (collateral kills)
  Natasha (D:3)
1 creature vanquished.

Grand Total: 53 creatures vanquished

Notes
Turn   | Place    | Note
-------+----------+-------------------------------------------
     0 | Abyss:1  | slep the Demonspawn Abyssal Knight began the quest for the Orb.
     0 | Abyss:1  | Reached XP level 1. HP: 18/18 MP: 2/2
    42 | Abyss:1  | Noticed a raiju
    45 | Abyss:1  | Noticed a wretched star
    50 | D:1      | Escaped the Abyss
   179 | D:1      | Reached * piety under Lugonu
   180 | D:1      | Gained mutation: A weak demonic guardian rushes to your aid. [demonic ancestry]
   180 | D:1      | Reached XP level 2. HP: 22/24 MP: 3/3
   388 | D:1      | Reached skill level 1 in Dodging
   519 | D:2      | Reached XP level 3. HP: 23/29 MP: 5/5
   856 | D:2      | Reached XP level 4. HP: 29/35 MP: 6/6
   908 | D:2      | Reached ** piety under Lugonu
  1300 | D:3      | Noticed Natasha
  1300 | D:3      | Noticed a sky beast
  1309 | D:3      | Killed Natasha
  1315 | D:3      | Slain by a sky beast

Skill      XL: |  1  2  3  4 |
---------------+-------------+-----
Armour         | 2 |  2.2
Long Blades    | 2 3 |  3.1
Dodging        | 1 |  1.1
Fighting       | |  3.7
Throwing       | |  0.5
Stealth        | |  0.2
Invocations    | |  2.8

Action                   |  1- 3 |  4- 6 || total
-------------------------+-------+-------++-------
Melee: Falchion          |   107 |    27 ||   134
Throw: Javelin           |     8 |    10 ||    18
Invok: Depart the Abyss  |     1 |       ||     1
 Stab: Sleeping          |     1 |       ||     1
  Eat: Chunk             |       |     1 ||     1
Armor: Leather armour    |    26 |     6 ||    32
Dodge: Dodged            |    96 |    26 ||   122
       Rpst.: Falchion   |    26 |     9 ||    35
